 Dungeon Crawl Stone Soup version 0.16-a0-1212-geefc3ab (webtiles) character file.

3191 Emanloe the Ducker (level 9, -6/69 HPs)
             Began as a Demonspawn Berserker on Oct 11, 2014.
             Was an Elder of Trog.
             Mangled by a wyvern (13 damage)
             ... on level 9 of the Dungeon on Oct 12, 2014.
             The game lasted 01:13:57 (8639 turns).

Emanloe the Ducker (Demonspawn Berserker)           Turns: 8639, Time: 01:13:57

Health: -6/69      AC: 25    Str: 18    XL:     9   Next: 64%
Magic:  9/9        EV:  5    Int: 10    God:    Trog [****..]
Gold:   408        SH:  0    Dex: 12    Spells: 0 memorised, 8 levels left

rFire  + + .     SeeInvis .     w - +3 lajatang (venom)
rCold  x . .     Clarity  .     e - +0 plate armour
rNeg   . . .     SustAb   .     (no shield)
rPois  .         Gourm    .     Y - +0 helmet
rElec  .         Spirit   .     Z - +1 cloak {+Inv}
rCorr  .         Warding  .     (no gloves)
rMut   .         Stasis   .     R - +1 pair of boots
MR     +++..                    (no amulet)
Stlth  ..........               h - ring of fire
                                k - ring of protection from magic

@: regenerating, extremely resistant to hostile enchantments, extremely
unstealthy
A: claws 1, rough black scales 2, fire resistance 1, powered by death 1
a: Burn Spellbooks, Berserk, Trog's Hand, Brothers in Arms, Renounce Religion,
Evoke Invisibility


You were on level 9 of the Dungeon.
You worshipped Trog.
Trog was greatly pleased with you.
You were not hungry.

You visited 1 branch of the dungeon, and saw 9 of its levels.
You also visited: Ossuary.

You collected 408 gold pieces.

Inventory:

Hand weapons
 m - a +3 dagger of distortion
 t - a +2 hand axe of chopping
 w - a +3 lajatang of venom (weapon)
 H - a +2 falchion of electrocution
 J - a +4 quick blade
 M - a +2 flail of holy wrath
 N - a +1 flail of protection
Armour
 e - a +0 plate armour (worn)
 r - a +1 chain mail
 P - a +2 shield of resistance
 R - a +1 pair of boots (worn)
 Y - a +0 helmet (worn)
 Z - a +1 cloak of invisibility (worn)
Magical devices
 q - a wand of confusion (33)
 K - a wand of polymorph (0)
 V - a wand of digging (9)
Comestibles
 f - a meat ration
 I - 2 bread rations
 W - 2 fruits
Scrolls
 b - a scroll of immolation {unknown}
 i - 10 scrolls of identify
 o - 3 scrolls of remove curse
 y - a scroll of recharging
 F - a scroll of amnesia
 Q - a scroll of enchant armour
 T - a scroll of vulnerability {unknown}
Jewellery
 a - an uncursed ring of sustain abilities {unknown}
 g - an uncursed ring of positive energy {unknown}
 h - a ring of fire (right claw)
 k - a ring of protection from magic (left claw)
 l - an uncursed ring of magical power
 v - an uncursed ring of wizardry {unknown}
Potions
 c - a potion of haste {unknown}
 d - 6 potions of curing {unknown}
 j - a potion of restore abilities {unknown}
 n - 2 potions of agility
 u - a potion of lignification {unknown}
 x - 2 potions of might {unknown}
 B - a potion of confusion {unknown}
 D - a potion of poison {unknown}
 G - a potion of flight {unknown}
 U - a potion of heal wounds {unknown}


   Skills:
 + Level 6.0 Fighting
 + Level 0.8(2.0) Short Blades
 + Level 2.9(3.0) Long Blades
 + Level 5.6 Axes
 + Level 1.5 Staves
 + Level 6.0 Armour
 + Level 6.5 Dodging
 + Level 1.4 Stealth
 + Level 3.8 Shields


You had 8 spell levels left.
You didn't know any spells.

Dungeon Overview and Level Annotations

Branches:
Dungeon (9/15)             Temple (0/1) D:7
    Orc: D:9-12        Lair: D:8-11

Altars:
Dithmenos
Gozag
Kikubaaqudgha
Nemelex Xobeh
Qazlal
Trog
Zin

Annotations:
D:9 Kashira's ghost, experienced VSBe


Innate Abilities, Weirdness & Mutations

You have sharp fingernails.
You are mostly covered in rough black scales (AC +7, Dex -2).
Your flesh is heat resistant.
You can steal the life force of nearby defeated enemies.


Message History

You closely miss the giant frog.
The giant frog is heavily wounded.
The giant frog hits you but does no damage.
The wyvern bites you but does no damage.
The hound bites you but does no damage.
The giant frog hits you but does no damage.
The wyvern bites you!
* * * LOW HITPOINT WARNING * * *
The hound bites you but does no damage.
As you read the scroll of noise, it crumbles to dust.
You hear a loud clanging noise!
You hear a shout!
You hear two shouts!
The giant frog barely misses you.
The wyvern bites you but does no damage.
The hound bites you but does no damage. The giant frog hits you.
* * * LOW HITPOINT WARNING * * *
Unknown command.
Your plate armour prevents you from hitting the giant frog.
The giant frog is heavily wounded.
The wyvern bites you!
You die...

#########################
.............WhD@F..>....
.............5Yh###......
.####........#gh# ... .#
#........#..# . Y#
#........#..# .#
#........#..# W#
#<.......#..# .#
#............ g#
#............


You could see a wyvern, an ice beast, a giant frog, a hound, Kashira's ghost, a
crimson imp, 2 jackals and a hobgoblin.

Vanquished Creatures
  Psyche (D:8)
  Eustachio (D:6)
  3 sky beasts
  4 centaurs
  The ghost of Gruud the Ducker, an average DsGl (D:3)
  2 ogres
  A big kobold (D:7)
  Blork the orc (D:7)
  2 elf zombies (Ossuary)
  2 giant frogs
  2 troll zombies (D:7)
  A scorpion (D:6)
  3 wights (D:8)
  A yak skeleton (D:7)
  A goliath beetle (D:6)
  9 orc wizards
  A centaur skeleton (D:4)
  4 hounds
  A gnoll shaman (D:6)
  Crazy Yiuf (D:7)
  A black bear skeleton (D:6)
  3 iguanas
  7 worker ants
  2 big kobold zombies (Ossuary)
  An ogre skeleton (D:8)
  Terence (D:2)
  A hound skeleton (D:4)
  2 mummies (Ossuary)
  10 gnolls
  6 green rats (D:6)
  10 adders
  3 giant mites
  3 shadow imps
  A white imp (D:6)
  2 worms
  An ufetubus (D:6)
  2 adder zombies
  4 giant geckos
  An ooze (D:5)
  31 orcs
  A ball python (D:3)
  11 goblins
  12 hobgoblins
  14 kobolds
  7 quokkas
  18 bats
  3 giant cockroaches
  7 giant newts
  2 goblin zombies (Ossuary)
  A hobgoblin skeleton (D:6)
  10 hobgoblin zombies (Ossuary)
  2 jackal zombies (Ossuary)
  9 kobold zombies (Ossuary)
  7 orc zombies (Ossuary)
  17 rats
  3 rat zombies
  2 ballistomycetes (D:6)
260 creatures vanquished.

Vanquished Creatures (others)
  A giant spore (D:6)
1 creature vanquished.

Grand Total: 261 creatures vanquished

Notes
Turn   | Place    | Note
--------------------------------------------------------------
     0 | D:1      | Emanloe, the Demonspawn Berserker, began the quest for the Orb.
     0 | D:1      | Reached XP level 1. HP: 18/18 MP: 1/1
   443 | D:1      | Gained mutation: You are partially covered in rough black scales (AC +4, Dex -1). [demonic ancestry]
   443 | D:1      | Reached XP level 2. HP: 22/24 MP: 2/2
  1122 | D:2      | Gained mutation: You have sharp fingernails. [demonic ancestry]
  1122 | D:2      | Reached XP level 3. HP: 20/29 MP: 3/3
  1177 | D:2      | Acquired Trog's second power
  1273 | D:2      | Noticed Terence
  1297 | D:2      | Killed Terence
  1631 | D:2      | Gained mutation: You are mostly covered in rough black scales (AC +7, Dex -2). [demonic ancestry]
  1631 | D:2      | Reached XP level 4. HP: 29/37 MP: 4/4
  1784 | D:2      | Found a glowing silver altar of Zin.
  2010 | D:3      | Noticed Gruud's ghost (average DsGl)
  2039 | D:3      | Killed Gruud's ghost
  2039 | D:3      | Reached XP level 5. HP: 19/42 MP: 5/5
  2820 | D:4      | Found a stormy altar of Qazlal.
  3059 | D:4      | Reached skill level 4 in Fighting
  3070 | D:4      | Gained mutation: Your flesh is heat resistant. [demonic ancestry]
  3070 | D:4      | Reached XP level 6. HP: 43/48 MP: 6/6
  3078 | D:4      | Reached skill level 1 in Shields
  3166 | D:4      | Found a sand-covered staircase.
  3184 | Ossuary  | Entered an ossuary
  3363 | Ossuary  | Reached XP level 7. HP: 21/55 MP: 7/7
  3617 | D:4      | Found an ancient bone altar of Kikubaaqudgha.
  4097 | D:5      | Entered Level 5 of the Dungeon
  4287 | D:5      | Reached skill level 1 in Stealth
  4903 | D:6      | Reached skill level 5 in Axes
  4937 | D:6      | Gained mutation: You can steal the life force of nearby defeated enemies. [demonic ancestry]
  4937 | D:6      | Reached XP level 8. HP: 47/61 MP: 8/8
  5118 | D:6      | Reached skill level 5 in Fighting
  5138 | D:6      | HP: 4/93 [goliath beetle (19)]
  5244 | D:6      | Reached skill level 5 in Armour
  5435 | D:6      | Found a bloodstained altar of Trog.
  5627 | D:6      | Noticed Eustachio
  5853 | D:6      | Killed Eustachio
  5853 | D:6      | Reached skill level 1 in Long Blades
  5853 | D:6      | Reached skill level 5 in Dodging
  5952 | D:6      | Identified a scroll of acquirement
  6062 | D:6      | Acquired Trog's third power
  6613 | D:7      | Found a staircase to the Ecumenical Temple.
  6729 | D:7      | Reached XP level 9. HP: 57/68 MP: 9/9
  6877 | D:7      | Noticed Blork the orc
  6902 | D:7      | Killed Blork the orc
  7127 | D:7      | Noticed Crazy Yiuf
  7134 | D:7      | Killed Crazy Yiuf
  7134 | D:7      | Reached skill level 6 in Dodging
  7450 | D:8      | Received a gift from Trog
  7564 | D:8      | Noticed Psyche
  7610 | D:8      | Found a sparkling altar of Nemelex Xobeh.
  8187 | D:8      | Killed Psyche
  8187 | D:8      | Reached skill level 1 in Staves
  8496 | D:8      | Found an opulent altar of Gozag.
  8496 | D:8      | Found a shadowy altar of Dithmenos.
  8513 | D:8      | Upgraded the game from 0.16-a0-1196-ged0958e to 0.16-a0-1212-geefc3ab
  8593 | D:9      | Noticed Kashira's ghost (experienced VSBe)
  8639 | D:9      | Mangled by a wyvern

Action                   |  1- 3 |  4- 6 |  7- 9 || total
-------------------------+-------+-------+-------++-------
Melee: Hand axe          |   136 |   287 |   266 ||   689
       War axe           |       |       |    29 ||    29
       Falchion          |       |       |   318 ||   318
       Quick blade       |       |       |   109 ||   109
       Unarmed           |       |       |     3 ||     3
       Lajatang          |       |       |    96 ||    96
Invok: Berserk           |       |     3 |     6 ||     9
       Trog's Hand       |       |     3 |    10 ||    13
       Brothers in Arms  |       |       |     1 ||     1
  Use: Scroll            |       |     7 |    10 ||    17
  Eat: Meat ration       |     1 |       |     3 ||     4
       Bread ration      |       |     2 |     2 ||     4
       Beef jerky        |       |       |     1 ||     1
       Fruit             |       |       |     1 ||     1
